 Dungeon Crawl Stone Soup version 0.30-a0-860-g512cf1e979 (webtiles) character file.

Game seed: 15991152719986185587

98424 Chaicat the Warrior (level 15, -10/149 HPs)
             Began as a Minotaur Berserker on Mar 1, 2023.
             Was a High Priest of Trog.
             Killed from afar by a deep elf zephyrmancer (23 damage)
             ... with a bolt of lightning
             ... on level 1 of the Orcish Mines on Mar 7, 2023.
             The game lasted 01:17:22 (24248 turns).

Chaicat the Warrior (Minotaur Berserker)           Turns: 24248, Time: 01:17:22

Health: -10/149    AC: 25    Str: 26    XL:     15   Next: 74%
Magic:  14/14      EV: 11    Int: 10    God:    Trog [*****.]
Gold:   1292       SH: 12    Dex:  9    Spells: 14/14 levels left

rFire   . . .      SeeInvis .    s - +9 broad axe (elec)
rCold   + + .      Faith    .    D - +2 kite shield
rNeg    . . .      Spirit   .    E - +2 chain mail {rC+}
rPois   .          Reflect  .    (helmet unavailable)
rElec   .          Rampage  .    g - +1 cloak
rCorr   .                        (no gloves)
Will    +++..                    (no boots) Stlth
                                 K - amulet of regeneration
HPRegen 2.24/turn                o - ring of the Good {rC+ AC+4 Slay+3}
MPRegen 0.14/turn                b - +4 ring of protection

@: strong-willed, regenerating
A: horns 3, retaliatory headbutt, hooves 1, clever 1
a: Renounce Religion, Berserk, Trog's Hand, Brothers in Arms


You were on level 1 of the Orcish Mines.
You worshipped Trog.
Trog was extremely pleased with you.
You visited 3 branches of the dungeon, and saw 21 of its levels.
You visited the Abyss 1 time.
You also visited: Ice Cave.

You collected 1705 gold pieces.
You spent 413 gold pieces at shops.

Inventory:

Hand Weapons
 k - a +2 scimitar of flaming
 s - a +9 broad axe of electrocution (weapon)
Armour
 g - a +1 cloak (worn)
 B - a +0 troll leather armour
 D - a +2 kite shield (worn)
 E - a +2 chain mail of cold resistance (worn)
Jewellery
 b - a +4 ring of protection (right hand)
 i - an amulet of guardian spirit
 o - the ring of the Good (left hand) {rC+ AC+4 Slay+3}
   (You found it on level 4 of the Dungeon)

   [ring of protection]

   AC:        It affects your AC (+4).
   Slay:      It affects your accuracy & damage with ranged weapons and melee
   (+3).
   rC:        It protects you from cold.
 y - a ring of willpower
 H - a ring of flight
 K - an amulet of regeneration (around neck)
Wands
 a - a wand of digging (7)
 l - a wand of flame (31)
 r - a wand of light (34)
 x - a wand of charming (7)
 G - a wand of iceblast (8)
 J - a wand of polymorph (2)
Scrolls
 c - 2 scrolls of magic mapping
 d - 8 scrolls of teleportation
 p - 5 scrolls of enchant armour
 t - a scroll of blinking
 u - a scroll of poison
 A - 13 scrolls of identify
 F - a scroll of fear
Potions
 e - 2 potions of resistance
 f - 4 potions of invisibility
 h - 2 potions of berserk rage
 j - 10 potions of curing
 m - 2 potions of magic
 n - 3 potions of cancellation
 v - 2 potions of haste
 w - 2 potions of flight
 z - 5 potions of lignification
 C - a potion of heal wounds
 L - a potion of might
Miscellaneous
 q - a condenser vane
 I - a box of beasts


   Skills:
 * Level 18.2 Fighting
 - Level 18.0 Axes
 + Level 13.2 Armour
 + Level 12.2 Dodging
 - Level 10.0 Shields
 + Level 8.1 Evocations


You had 14 spell levels left.
You didn't know any spells.
Your spell library was empty.

Dungeon Overview and Level Annotations

Branches:
Dungeon (15/15)            Temple (0/1) D:4            Lair (5/5) D:9
  Swamp (0/4) Lair:3       Spider (0/4) Lair:3        Slime (0/5) Lair:5
    Orc (1/2) D:9          Vaults (0/5) D:13         Depths (0/4) D:15
  IceCv (visited)

Altars:
Elyvilon
Fedhas
Gozag
Okawaru
Sif Muna
Zin
Jiyva

Shops:
D:2 (   D:10 ?   D:12 [


Innate Abilities, Weirdness & Mutations

You have a pair of large horns on your head.
You reflexively headbutt those who attack you in melee.
You have large cloven feet.
Your mind is acute. (Int +4, Str/Dex -1)


Message History

You kill the deep elf zephyrmancer!
Trog accepts your kill.
Trog appreciates your killing of a magic user.
You block the orc's attack.
A deep elf zephyrmancer comes into view.
It is wielding a +0 long sword.
You slice the deep elf zephyrmancer!!
Lightning courses through the deep elf zephyrmancer!
Your kick misses the deep elf zephyrmancer.
You headbutt the deep elf zephyrmancer!
You kill the deep elf zephyrmancer!
Trog accepts your kill.
Trog appreciates your killing of a magic user.
A two-headed ogre comes into view. It is wielding two +0 giant clubs.
The orc hits you but does no damage.
The deep elf zephyrmancer casts a spell at you.
The bolt of lightning misses you. The bolt of lightning hits you!!
You hear a shout! x4
Your skin crawls.
You feel strong-willed.
You block the deep elf zephyrmancer's attack.
You block the orc's attack.
You slice the deep elf zephyrmancer!!
Your kick misses the deep elf zephyrmancer.
Your headbutt misses the deep elf zephyrmancer.
The deep elf zephyrmancer is severely wounded.
You block the orc's attack.
The deep elf zephyrmancer closely misses you.
You furiously retaliate!
You headbutt the deep elf zephyrmancer!
An orc wizard comes into view. It is wielding a +0 dagger.
The deep elf zephyrmancer points at you and mumbles some strange words.
The bolt of lightning hits you!!
* * * LOW HITPOINT WARNING * * *
The bolt of lightning hits you!
* * * LOW HITPOINT WARNING * * *
You hear a shout!
The deep elf zephyrmancer attacks as you move away!
You block the deep elf zephyrmancer's attack.
The deep elf zephyrmancer gestures at you while chanting.
The bolt of lightning hits you!!
You die...

#### .###..# #...#.######
### .....##...## ###.##
#........## ###..<.#
#..e$.....# #......##
.e.#).......###.......#
#e.@.....#.#...#....
.....O)#..$.#........#....
...##.o#.####........#....
....#.# ###)...##.##..
....#... #.....# .....
#.##...... #.......#.#...
. .#....o......#.#.......
...#.#........#...... ..
.....###.......


You could see a two-headed ogre and 2 deep elf zephyrmancers.

Vanquished Creatures
  A lich (Abyss:3)
  The ghost of tarna41 the Fighter, a journeyman MiBe of Trog (Lair:3)
  An ophan (Abyss:3)
  Snorg (Lair:4)
  An ettin (D:15)
  A great orb of eyes (D:14)
  8 hydras
  6 centaur warriors
  A death knight (D:13)
  2 two-headed ogres
  11 death yaks
  2 dancing weapons (D:13)
  2 tengu warriors (D:15)
  2 boulder beetles (D:14)
  A thrashing horror (Abyss:3)
  2 sun demons (D:13)
  A shadow wraith (D:14)
  A sixfirhy (D:13)
  3 skysharks
  A skeletal warrior (D:14)
  A pharaoh ant (Lair:3)
  A goliath frog (Lair:5)
  A deep troll (D:15)
  A bog body (IceCv)
  3 wizards
  A lindwurm (Lair:5)
  2 deep elf zephyrmancers (Orc:1)
  Pikel (D:8)
  6 deep elf pyromancers
  A necromancer (IceCv)
  5 cyclopes
  11 ugly things
  A worldbinder (Abyss:3)
  5 manticores
  15 elephants
  2 ice statues (IceCv)
  An apocalypse crab (Abyss:2)
  6 black mambas
  A smoke demon (Abyss:2)
  2 orange demons
  A gargoyle (D:11)
  A freezing wraith (IceCv)
  7 komodo dragons
  14 cane toads
  A rime drake (shapeshifter) (D:13)
  A rime drake (Lair:5)
  2 efreet
  4 ice devils
  A tengu conjurer (D:15)
  2 kobold demonologists
  3 anaconda simulacra (IceCv)
  6 hellwings
  2 ancient zymes
  A red devil (D:13)
  5 trolls
  A tarantella (Lair:3)
  5 tyrant leeches
  A hornet (D:11)
  Prince Ribbit (D:8)
  22 blink frogs
  14 slime creatures
  A jumping spider (Lair:3)
  The ghost of Nabski the Conjurer, an amateur TeFE (D:5)
  A dire elephant simulacrum (IceCv)
  2 vampires
  6 wyverns
  A ynoxinul (Abyss:2)
  Eustachio (D:5)
  5 basilisks
  A chaos spawn (D:13)
  49 yaks
  5 large abominations
  2 steam dragons
  2 redbacks (Lair:3)
  12 vampire mosquitoes
  Menkaure (D:4)
  A neqoxec (D:13)
  8 water moccasins
  A warg (Orc:1)
  Edmund (D:4)
  An acid dragon (D:14)
  A death yak simulacrum (IceCv)
  2 harpy simulacra (IceCv)
  A small abomination (Abyss:2)
  4 hydra simulacra (IceCv)
  2 ice beasts
  2 black bears
  6 orc warriors
  2 ogres (D:5)
  4 wolves (Lair:1)
  2 starcursed masses (Abyss:3)
  13 centaurs
  A lemure (D:8)
  6 kobold brigands
  12 bullfrogs
  2 gnoll sergeants
  2 two-headed ogre simulacra (IceCv)
  2 cane toad simulacra (IceCv)
  3 scorpions
  2 elephant simulacra (IceCv)
  3 electric eels (D:12)
  10 howler monkeys
  A quasit (Abyss:2)
  2 jellies
  4 orc priests
  2 gnoll boudas
  5 hounds
  3 sleepcaps
  Jessica (D:3)
  2 iguanas (D:4)
  7 orc wizards
  A troll simulacrum (IceCv)
  23 gnolls
  8 adders
  2 shadow imps (D:6)
  A white imp (Abyss:2)
  2 worms
  48 orcs
  5 ball pythons
  3 endoplasms
  2 giant cockroaches (D:4)
  9 hobgoblins
  6 jackals (D:1)
  23 kobolds
  5 quokkas
  7 bats
  4 frilled lizards
  6 goblins
  7 rats
584 creatures vanquished.

Vanquished Creatures (collateral kills)
  A tentacled starspawn (Abyss:2)
  A red devil (D:13)
  An ancient zyme (Abyss:2)
  A basilisk (Lair:4)
  A starspawn tentacle (Abyss:2)
5 creatures vanquished.

Vanquished Creatures (others)
  A manticore (D:14)
  A tengu conjurer (D:15)
  A bush (Lair:5)
  4 demonic plants (D:13)
  26 fungi
  A lurking horror (Abyss:3)
  83 plants
  5 starspawn tentacles (Abyss:2)
122 creatures vanquished.

Grand Total: 711 creatures vanquished

Notes
Turn   | Place    | Note
-------+----------+-------------------------------------------
     0 | D:1      | Chaicat the Minotaur Berserker began the quest for the Orb.
     0 | D:1      | Reached XP level 1. HP: 19/19 MP: 0/0
     6 | D:1      | Noticed a swamp drake
     6 | D:1      | Noticed a lindwurm
     6 | D:1      | Noticed a polar bear
     7 | D:1      | Noticed an iguana
     7 | D:1      | Noticed a salamander
   113 | D:1      | Upgraded the game from 0.30-a0-840-ga523dec638 to
                  | 0.30-a0-847-g17996783a1
   197 | D:1      | Reached XP level 2. HP: 18/27 MP: 1/1
   353 | D:1      | Found a faded altar of an unknown god.
  1168 | D:2      | Reached XP level 3. HP: 28/33 MP: 2/2
  1205 | D:2      | Identified the +5 dagger of the Fox {drain, rPois rC+}
  1290 | D:2      | Found a shimmering blue altar of Sif Muna.
  1326 | D:2      | Found Ezeodij's Antique Weapon Emporium.
  1426 | D:2      | You fall into a shaft and drop 1 floor!
  2034 | D:3      | Reached ** piety under Trog
  2038 | D:3      | Reached XP level 4. HP: 16/41 MP: 3/3
  2323 | D:3      | Noticed Jessica
  2340 | D:3      | Killed Jessica
  2454 | D:3      | Noticed a scorpion
  2464 | D:3      | Killed a scorpion
  2465 | D:3      | Reached skill level 5 in Fighting
  2465 | D:3      | Reached skill level 5 in Axes
  2465 | D:3      | Reached XP level 5. HP: 11/48 MP: 4/4
  2938 | D:2      | Bought a war axe for 98 gold pieces
  3079 | D:4      | Noticed Edmund
  3082 | D:4      | Noticed Menkaure
  3090 | D:4      | Killed Menkaure
  3091 | D:4      | Reached XP level 6. HP: 16/57 MP: 0/5
  3093 | D:4      | Killed Edmund
  3439 | D:4      | Found a staircase to the Ecumenical Temple.
  3467 | D:4      | Reached XP level 7. HP: 62/63 MP: 6/6
  3866 | D:4      | Identified the ring of the Good {rC+ AC+4 Slay+3}
  4483 | D:5      | Entered Level 5 of the Dungeon
  4661 | D:5      | Reached *** piety under Trog
  5033 | D:5      | Found a runed translucent gate.
  5033 | D:5      | Found a runed translucent gate.
  5033 | D:5      | Found a runed translucent gate.
  5034 | D:5      | Noticed Nabski's ghost (amateur TeFE)
  5046 | D:5      | Killed Nabski's ghost
  5047 | D:5      | Reached skill level 5 in Armour
  5047 | D:5      | Reached skill level 1 in Evocations
  5047 | D:5      | Reached XP level 8. HP: 71/73 MP: 7/7
  5109 | D:5      | Noticed Eustachio
  5115 | D:5      | Killed Eustachio
  5349 | D:6      | Reached skill level 5 in Dodging
  6384 | D:7      | Reached skill level 1 in Shields
  6794 | D:7      | Reached XP level 9. HP: 82/82 MP: 8/8
  6934 | D:7      | Identified the +1 leather armour of Fiariwi {Str+2}
  7320 | D:8      | Reached **** piety under Trog
  7409 | D:8      | Identified the +1 leather armour of Tomysepu {*Slow Will+
                  | Str+4 Int+3}
  7425 | D:8      | Identified a scroll of acquirement
  7425 | D:8      | Acquired a +2 broad axe of electrocution
  7462 | D:8      | Noticed Pikel
  7479 | D:8      | Killed Pikel
  7733 | D:8      | Noticed a centaur warrior
  7740 | D:8      | Killed a centaur warrior
  7925 | D:8      | Reached XP level 10. HP: 90/93 MP: 7/9
  7948 | D:8      | Gained mutation: Your body sometimes deteriorates upon
                  | taking damage. [potion of mutation]
  7949 | D:8      | Lost mutation: Your body sometimes deteriorates upon taking
                  | damage. [potion of mutation]
  7949 | D:8      | Gained mutation: You have large cloven feet. [potion of
                  | mutation]
  7949 | D:8      | Gained mutation: Your mind is acute. (Int +4, Str/Dex -1)
                  | [potion of mutation]
  7949 | D:8      | Gained mutation: You have a pair of large horns on your
                  | head. [potion of mutation]
  7987 | D:8      | Noticed Prince Ribbit
  7988 | D:8      | Killed Prince Ribbit
  7989 | D:8      | Reached skill level 10 in Fighting
  7989 | D:8      | Reached skill level 10 in Axes
  8509 | D:9      | Noticed a centaur warrior
  8518 | D:9      | Killed a centaur warrior
  8667 | D:9      | Reached skill level 5 in Shields
  8768 | D:9      | Found a staircase to the Orcish Mines.
  8771 | D:9      | Reached ***** piety under Trog
  8835 | D:9      | Found a staircase to the Lair.
  9170 | D:9      | Found a white marble altar of Elyvilon.
  9170 | D:9      | Found a faded altar of an unknown god.
  9176 | D:9      | Found a faded altar of an unknown god.
  9178 | D:9      | Found an iron altar of Okawaru.
  9180 | D:9      | Found a blossoming altar of Fedhas.
  9345 | D:9      | Reached XP level 11. HP: 72/102 MP: 6/10
  9610 | D:9      | Upgraded the game from 0.30-a0-847-g17996783a1 to
                  | 0.30-a0-860-g512cf1e979
  9661 | D:10     | Entered Level 10 of the Dungeon
  9760 | D:10     | Found Geufrey's Magic Scroll Emporium.
  9983 | D:10     | Received a gift from Trog
 10099 | D:10     | Reached skill level 5 in Evocations
 10459 | D:11     | Paralysed by a hornet for 3 turns
 10558 | D:11     | Found a frozen archway.
 10567 | IceCv    | Entered an ice cave
 11300 | IceCv    | Noticed a necromancer
 11300 | IceCv    | Noticed a bog body
 11306 | IceCv    | Killed a bog body
 11310 | IceCv    | Killed a necromancer
 11776 | D:11     | Reached XP level 12. HP: 113/113 MP: 11/11
 12002 | D:11     | Noticed a two-headed ogre
 12010 | D:11     | Killed a two-headed ogre
 12775 | D:12     | Received a gift from Trog
 12977 | D:12     | Found Uhacicirr's Antique Armour Boutique.
 12986 | D:12     | Bought a spiked scale mail for 315 gold pieces
 12986 | D:12     | Identified the +1 scale mail of the Wasteland {+Blink rF-
                  | rCorr Dex-5} (You bought it in a shop on level 12 of the
                  | Dungeon)
 13181 | D:13     | Noticed a centaur warrior
 13185 | D:13     | Killed a centaur warrior
 13200 | D:13     | Reached skill level 10 in Armour
 13448 | D:13     | Noticed a centaur warrior
 13452 | D:13     | Noticed a death knight
 13617 | D:13     | Killed a death knight
 13802 | D:13     | Killed a centaur warrior
 14009 | D:13     | Noticed a centaur warrior
 14014 | D:13     | Killed a centaur warrior
 14015 | D:13     | Reached XP level 13. HP: 119/125 MP: 12/12
 14192 | D:13     | Found a gate to the Vaults.
 14479 | D:14     | Found a glowing silver altar of Zin.
 14479 | D:14     | Noticed an angel
 14793 | Abyss:2  | Cast into level 2 of the Abyss (a wizard)
 14841 | Abyss:2  | Reached skill level 15 in Fighting
 14901 | Abyss:2  | Reached skill level 15 in Axes
 14907 | Abyss:2  | Reached skill level 10 in Dodging
 14929 | Abyss:2  | Found a corrupted altar of Lugonu.
 15091 | Abyss:2  | Noticed a tentacled starspawn
 15294 | Abyss:2  | Noticed a tentacled starspawn
 15300 | Abyss:2  | Killed a tentacled starspawn
 15344 | Abyss:3  | Found a shimmering altar of Xom.
 15344 | Abyss:3  | Found a corrupted altar of Lugonu.
 15344 | Abyss:3  | Found a shimmering altar of Xom.
 15344 | Abyss:3  | Found a shimmering altar of Xom.
 15344 | Abyss:3  | Found a shimmering altar of Xom.
 15344 | Abyss:3  | Found a shimmering altar of Xom.
 15344 | Abyss:3  | Found a shimmering altar of Xom.
 15344 | Abyss:3  | Found a shimmering altar of Xom.
 15344 | Abyss:3  | Found a shimmering altar of Xom.
 15344 | Abyss:3  | Found a shimmering altar of Xom.
 15344 | Abyss:3  | Found a shimmering altar of Xom.
 15344 | Abyss:3  | Found a shimmering altar of Xom.
 15344 | Abyss:3  | Found a shimmering altar of Xom.
 15344 | Abyss:3  | Found a shimmering altar of Xom.
 15344 | Abyss:3  | Found a shimmering altar of Xom.
 15345 | Abyss:3  | Found a shimmering altar of Xom.
 15345 | Abyss:3  | Found a shimmering altar of Xom.
 15376 | Abyss:3  | Found a corrupted altar of Lugonu.
 15378 | Abyss:3  | Noticed an ophan
 15396 | Abyss:3  | Killed an ophan
 15401 | Abyss:3  | Noticed a starcursed mass
 15402 | Abyss:3  | Found a corrupted altar of Lugonu.
 15402 | Abyss:3  | Noticed a lich
 15402 | Abyss:3  | Found a corrupted altar of Lugonu.
 15415 | Abyss:3  | Killed a lich
 15418 | Abyss:3  | Killed a starcursed mass
 15489 | Abyss:3  | HP: 4/127 [large abomination (15)]
 15508 | D:14     | Escaped the Abyss
 15553 | D:14     | Reached XP level 14. HP: 25/136 MP: 4/13
 16037 | D:14     | HP: 4/136 [acid (6)]
 16682 | D:14     | Paralysed by a great orb of eyes for 5 turns
 17107 | D:15     | Entered Level 15 of the Dungeon
 17227 | D:15     | Found a staircase to the Depths.
 18055 | D:15     | Found an opulent altar of Gozag.
 18332 | Lair:1   | Entered Level 1 of the Lair of Beasts
 19695 | Lair:2   | Received a gift from Trog
 20676 | Lair:3   | Found a staircase to the Swamp.
 20722 | Lair:3   | Found a runed translucent door.
 20730 | Lair:3   | Noticed tarna41's ghost (journeyman MiBe)
 20741 | Lair:3   | Found a hole to the Spider Nest.
 21323 | Lair:3   | Killed tarna41's ghost
 21324 | Lair:3   | Reached XP level 15. HP: 144/147 MP: 12/14
 21462 | Lair:4   | Noticed Snorg
 21477 | Lair:4   | Killed Snorg
 22380 | Lair:5   | Entered Level 5 of the Lair of Beasts
 22442 | Lair:5   | Received a gift from Trog
 22586 | Lair:5   | Reached skill level 10 in Shields
 22838 | Lair:5   | Found a viscous altar of Jiyva.
 22839 | Lair:5   | Found a staircase to the Slime Pits.
 23310 | Lair:5   | Received a gift from Trog
 24210 | Orc:1    | Entered Level 1 of the Orcish Mines
 24248 | Orc:1    | Killed from afar by a deep elf zephyrmancer

Illustrated notes

Levels and vault maps discovered:
D:1:      onia_arrival_zoo_common, layout_basic,
          shapermc_ecumenical_altar_notcrosses
D:2:      layout_basic, basic_altar, serial_shops,
          nicolae_shop_advertising_works [nicolae_subvault_shop_adworks],
          serial_bayou_lagoon_b
D:3:      layout_loops_ring, kennysheep_jessica_study
D:4:      cheibrodos_quashed, layout_layer_cave,
          minmay_temple_entry_statues_fountains, grunt_ministairs_3,
          serial_bayou_pond_d, st_stairs_12, uniq_edmund, uniq_menkaure
D:5:      layout_cave_pools, ebering_ghost_rock_garden, minmay_strange_pillars,
          uniq_eustachio
D:6:      layout_basic, nrook_mini_vaults
D:7:      layout_basic
D:8:      layout_rooms, minmay_three_doors, uniq_prince_ribbit1, uniq_pikel
D:9:      minmay_curly_fans, layout_grid_maze,
          chequers_temple_overflow_minitemple, orc_0_dummy,
          minmay_misc_feat_rows
D:10:     layout_roguey, serial_shops, kennysheep_mini_moat, serial_glass,
          glass_columns_b, glass_columns_b
D:11:     layout_roguey, portal_ice_cave_entry_pillars_2
D:12:     layout_big_octagon, serial_shops, shop, chequers_serial_rivers_micro_b
D:13:     layout_basic, erik_vaults_1, serial_demonic, serial_demonic_a,
          serial_demonic_f, serial_demonic_c, serial_demonic_b
D:14:     hangedman_cross_stitches, layout_basic, kennysheep_doodads, zin_angel
D:15:     hangedman_depths_entry_civil_slaughter, layout_irregular_city,
          lemuel_crystal_altar
Lair:1:   layout_cave_shapes
Lair:2:   layout_cave_pods
Lair:3:   layout_gridlike, minmay_swamp_entry_worms,
          nicolae_spider_entry_lesser_pyramids, ebering_ghost_reflecting_pool
Lair:4:   layout_big_grid, lemuel_fruit_fields, grunt_megastairs_3,
          lemuel_fruit_tree, uniq_snorg
Lair:5:   minmay_lair_end_frog_pond, layout_loops_ring, slime_entry_1
Orc:1:    layout_diamond_mine, serial_shops, nicolae_shop_waterfront,
          nicolae_shop_behind_doors, nicolae_shop_crystal, elves_outpost_lemuel

Skill      XL: |  1  2  3  4  5  6  7  8  9 10 11 12 13 14 15 |
---------------+----------------------------------------------+-----
Fighting       | 4 5 6 7 8 9 11 12 14 15 17 18 | 18.2
Axes           | 4 5 6 7 8 9 11 12 14 15 17 18 | 18.0
Armour         | 3 4 5 6 8 9 10 11 12 13 | 13.2
Dodging        | 3 4 5 6 7 8 9 10 11 12 | 12.2
Evocations     | 1 2 3 4 5 6 7 8 |  8.1
Shields        | 1 3 5 6 7 9 10 | 10.0

Action                     |  1- 3 |  4- 6 |  7- 9 | 10-12 | 13-15 || total
---------------------------+-------+-------+-------+-------+-------++-------
  Melee: Hand axe          |    79 |    49 |       |       |       ||   128
         Headbutt          |    12 |     8 |    44 |    78 |   148 ||   290
         Punch             |       |     3 |     1 |       |       ||     4
         War axe           |       |    29 |   171 |       |       ||   200
         Broad axe         |       |       |    37 |   354 |   579 ||   970
         Kick              |       |       |       |    98 |   224 ||   322
         Flail             |       |       |       |       |    83 ||    83
 Invoke: Trog's Hand       |       |     1 |     1 |     3 |     8 ||    13
         Berserk           |       |     1 |       |       |       ||     1
         Brothers in Arms  |       |       |       |       |     3 ||     3
  Evoke: Wand              |       |       |       |       |     1 ||     1
    Use: Scroll            |     5 |       |    17 |    11 |    11 ||    44
         Potion            |       |     2 |     4 |     2 |     2 ||    10
   Stab: Sleeping          |     1 |       |       |       |       ||     1
         Distracted        |       |       |       |       |     1 ||     1
 Armour: Animal skin       |    23 |    17 |     2 |       |       ||    42
         Scale mail        |       |       |    58 |       |       ||    58
         Leather armour    |       |       |    57 |       |       ||    57
         Ring mail         |       |       |       |    86 |       ||    86
         Chain mail        |       |       |       |    70 |   449 ||   519
         Troll leather arm |       |       |       |    23 |       ||    23
  Dodge: Dodged            |    65 |    59 |   136 |   196 |   254 ||   710
  Block: Buckler           |       |       |    24 |    13 |       ||    37
         Kite shield       |       |       |       |   129 |   401 ||   530

Table legend: (Time is in decaauts)
 A = Elapsed time spent in this place.
 B = Non-inter-level travel time spent in this place.
 C = Inter-level travel time spent in this place.
 D = Time resting spent in this place.
 E = Time spent auto-exploring this place.
 F = Levels seen in this place.
 G = Mean time per level.
                   A        B        C        D        E       F      G
               +--------+--------+--------+--------+--------+-----+--------+
         Total |  24412 |  22410 |   2002 |   3917 |  14290 |  24 | 1017.2 |
       Dungeon |  17360 |  15807 |   1553 |   2646 |  10405 |  15 | 1157.3 |
          Lair |   5117 |   4669 |    448 |    801 |   3049 |   5 | 1023.4 |
  Orcish Mines |     35 |     35 |      0 |      0 |     10 |   1 |   35.0 |
         Abyss |    708 |    708 |      0 |    247 |     89 |   2 |  354.0 |
      Ice Cave |   1189 |   1189 |      0 |    223 |    737 |   1 | 1189.0 |
               +--------+--------+--------+--------+--------+-----+--------+

Top non-repeatable levels by time:
    D:14: 2122 daAuts
     D:9: 1669 daAuts
     D:4: 1549 daAuts
  Lair:3: 1415 daAuts
     D:6: 1251 daAuts
   IceCv: 1189 daAuts
     D:1: 1158 daAuts
  Lair:4: 1157 daAuts
    D:13: 1118 daAuts
    D:15: 1104 daAuts
  Lair:2: 1055 daAuts
    D:11: 1029 daAuts
     D:3: 1016 daAuts
     D:8: 983 daAuts
     D:7: 978 daAuts
